 Dungeon Crawl Stone Soup version 0.30.1-4-g462c640d31 (webtiles) character file.

Game seed: 9014395180160042546

58297 Shake04 the Fighter (level 14, 0/77 HPs)
             Began as a Vine Stalker Fighter on Sept 15, 2023.
             Was the Champion of Makhleb.
             Slain by a six-headed hydra (8 damage)
             ... on level 5 of the Lair of Beasts.
             The game lasted 00:47:25 (14872 turns).

Shake04 the Fighter (Vine Stalker Fighter)         Turns: 14872, Time: 00:47:25

Health: 0/77       AC: 13    Str: 21    XL:     14   Next: 90%
Magic:  0/22       EV: 19    Int:  3    God:    Makhleb [******]
Gold:   2184       SH: 19    Dex: 22    Spells: 17/17 levels left

rFire   . . .        O - +8 short sword "Onoewe" {venom, rC+ Int-5 Dex+5 Stlth-}
rCold   + . .        L - +1 tower shield
rNeg    + . .        E - +1 scale mail of Vehumet's Indignation {rN+ Slay+5}
rPois   +            s - +0 helmet
rElec   .            r - scarf {shadows}
rCorr   .            z - +0 pair of gloves
SInv    .            e - +0 pair of boots
Will    +....        (no amulet) Stlth
                     l - +5 ring of evasion
HPRegen 1.12/turn    B - ring of poison resistance
MPRegen 0.18/turn

%: guardian spirit
@: about to teleport
A: fangs 3, regeneration 1, magic shield, antimagic bite, no potion heal 2
a: Renounce Religion, Minor Destruction, Lesser Servant of Makhleb, Major
Destruction, Greater Servant of Makhleb


You were on level 5 of the Lair of Beasts.
You worshipped Makhleb.
Makhleb was exalted by your worship.
You visited 4 branches of the dungeon, and saw 20 of its levels.
You also visited: Sewer.

You collected 2184 gold pieces.

Inventory:

Hand Weapons
 O - the +8 short sword "Onoewe" (weapon) {venom, rC+ Int-5 Dex+5 Stlth-}
   (You found it on level 8 of the Dungeon)

   Int:       It affects your intelligence (-5).
   Dex:       It affects your dexterity (+5).
   rC:        It protects you from cold.
   Stlth:     It makes you less stealthy.
Armour
 e - a +0 pair of boots (worn)
 r - a scarf of shadows (worn)
 s - a +0 helmet (worn)
 z - a +0 pair of gloves (worn)
 E - the +1 scale mail of Vehumet's Indignation (worn) {rN+ Slay+5}
   (You found it on level 5 of the Dungeon)

   Slay:      It affects your accuracy & damage with ranged weapons and melee
   (+5).
   rN:        It protects you from negative energy.
 L - a +1 tower shield (worn)
Jewellery
 l - a +5 ring of evasion (left hand)
 o - a ring of magical power
 B - a ring of poison resistance (right hand)
 Q - a ring of ice
Wands
 g - a wand of paralysis (5)
 w - a wand of mindburst (16)
 I - a wand of roots (11)
 J - a wand of flame (47)
 K - a wand of quicksilver (9)
Scrolls
 d - 4 scrolls of identify
 h - a scroll of fear
 j - 4 scrolls of teleportation
 k - 5 scrolls of immolation
 v - 2 scrolls of poison
 y - 5 scrolls of fog
 C - 2 scrolls of brand weapon
 D - 2 scrolls of amnesia
 H - 2 scrolls of enchant weapon
Potions
 a - 2 potions of haste
 b - 3 potions of mutation
 c - 7 potions of invisibility
 f - 2 potions of brilliance
 i - 6 potions of curing
 n - 5 potions of flight
 p - 3 potions of attraction
 q - 4 potions of lignification
 t - a potion of cancellation {unknown}
 u - 2 potions of might
 A - a potion of degeneration {unknown}
 F - 2 potions of resistance
 P - a potion of ambrosia


   Skills:
 + Level 10.9 Fighting
 + Level 10.7 Short Blades
 - Level 3.9 Maces & Flails
 + Level 8.9 Armour
 + Level 9.0 Dodging
 + Level 9.6 Shields
 - Level 2.1 Spellcasting
 + Level 9.3 Invocations


You had 17 spell levels left.
You didn't know any spells.
Your spell library contained the following spells:

 Spells                   Type           Power      Damage    Failure   Level
 Freeze                   Ice            0%         1d3       99%         1
 Call Imp                 Summ           0%         N/A       100%        2
 Cigotuvi's Dreadful Rot  Necr/Pois/Air  0%         N/A       100%        2
 Ensorcelled Hibernation  Hex/Ice        0%         N/A       100%        2
 Lesser Beckoning         Tloc           0%         N/A       100%        2
 Passwall                 Tmut/Erth      0%         N/A       100%        2
 Dazzling Flash           Conj/Hex       0%         N/A       100%        3
 Frozen Ramparts          Ice            0%         1d1       100%        3
 Gell's Gravitas          Tloc           0%         N/A       100%        3
 Hailstorm                Conj/Ice       0%         3d3       100%        3
 Ignite Poison            Fire/Tmut/Pois 0%         N/A       100%        3
 Spider Form              Tmut/Pois      0%         N/A       100%        3
 Swiftness                Air            0%         N/A       100%        3
 Teleport Other           Tloc           0%         N/A       100%        3
 Volatile Blastmotes      Fire/Tloc      0%         2d10      100%        3
 Anguish                  Hex/Necr       0%         N/A       100%        4
 Animate Armour           Summ/Erth      0%         N/A       100%        4
 Dispel Undead            Necr           0%         3d6       100%        4
 Ice Form                 Ice/Tmut       0%         N/A       100%        4
 Iskenderun's Mystic Bla  Conj/Tloc      0%         2d3       100%        4
 Manifold Assault         Tloc           0%         N/A       100%        4
 Sticky Flame             Conj/Fire      0%         2d3       100%        4
 Summon Ice Beast         Ice/Summ       0%         N/A       100%        4
 Blade Hands              Tmut           0%         N/A       100%        5
 Death Channel            Necr           0%         N/A       100%        6
 Dispersal                Tloc           0%         N/A       100%        6
 Iron Shot                Conj/Erth      0%         9d1       100%        6
 Simulacrum               Ice/Necr       0%         N/A       100%        6
 Starburst                Conj/Fire      0%         6d3       100%        6
 Ozocubu's Refrigeration  Ice            0%         4d7       100%        7
 Spellforged Servitor     Conj/Summ      0%         N/A       100%        7
 Disjunction              Tloc           0%         N/A       100%        8
 Ignition                 Fire           0%         3d3       100%        8


Dungeon Overview and Level Annotations

Branches:
Dungeon (12/15)            Temple (1/1) D:7            Lair (5/5) D:10
 Shoals (0/4) Lair:3       Spider (0/4) Lair:3        Slime (0/5) Lair:4
    Orc (2/2) D:9             Elf (0/3) Orc:2         Sewer (visited)

Altars:
Ashenzari
Cheibriados
Dithmenos
Elyvilon
Fedhas
Gozag
Hepliaklqana
Kikubaaqudgha
Makhleb
Nemelex Xobeh
Okawaru
Qazlal
Ru
Sif Muna
Trog
Uskayaw
Vehumet
Wu Jian
Xom
Yredelemnul
Zin
The Shining One

Shops:
D:11 *   Orc:2 **


Innate Abilities, Weirdness & Mutations

You have razor-sharp teeth.
Your natural rate of healing is unusually fast.
When hurt, damage is shared between your health and your magic reserves.
Your bite disrupts and absorbs the magic of your enemies.
Potions cannot restore your health.


Message History

The six-headed hydra bites you. x3
The six-headed hydra bites you but does no damage.
The basilisk gazes at you. The black mamba bites you! The blink frog hits you.
The six-headed hydra barely misses you. The six-headed hydra bites you. x4
* * * LOW HITPOINT WARNING * * *
The six-headed hydra bites you. The black mamba bites you!
* * * LOW HITPOINT WARNING * * *
A cane toad comes into view.
The basilisk barely misses you.
The cane toad croaks.
The blink frog blinks!
The black mamba bites you!
* * * LOW HITPOINT WARNING * * *
The six-headed hydra bites you.
The six-headed hydra bites you but does no damage.
The six-headed hydra barely misses you. The six-headed hydra bites you.
* * * LOW HITPOINT WARNING * * *
The six-headed hydra bites you but does no damage.
The six-headed hydra bites you.
* * * LOW HITPOINT WARNING * * *
The basilisk splashes around in the water.
The black mamba completely misses you. The black mamba bites you.
* * * LOW HITPOINT WARNING * * *
The six-headed hydra bites you.
* * * LOW HITPOINT WARNING * * *
The six-headed hydra bites you but does no damage.
The six-headed hydra bites you.
* * * LOW HITPOINT WARNING * * *
The six-headed hydra bites you.
* * * LOW HITPOINT WARNING * * *
The six-headed hydra bites you but does no damage. x2
The basilisk bites you but does no damage.
You turn to flesh and can move again.
Unknown command.
Okay, then.
As you read the scroll of teleportation, it crumbles to dust.
You feel strangely unstable. You block the black mamba's attack. x2
The six-headed hydra bites you!
You die...

~~~≈~~........
~~≈≈≈~~≈.......
~~~~≈≈≈~~.......
≈≈~.~≈≈~~~.F.....
~~~~~~≈~~~..F....
~≈~~~~≈~~lPD......
~~~≈≈~~~~.@S.......
≈~~≈P~~P...........#
~P≈~≈~~............#
~~~~~~.............#
~.~...###..†.......# P
..#####.............#
..~
.####................P#
...
...).................#
.P
....P#......P....##..##


You could see a six-headed hydra, a black mamba, a cane toad, a basilisk and a
blink frog.

Vanquished Creatures
  Josephine (Lair:5)
  3 hydras
  An ogre mage (Orc:2)
  A catoblepas (Lair:3)
  A boulder beetle (Lair:3)
  3 two-headed ogres (Orc:2)
  8 death yaks
  Urug (Orc:2)
  2 skysharks (Lair:5)
  Nergalle (D:11)
  Lodul (D:10)
  A goliath frog (Lair:5)
  A pharaoh ant (Lair:3)
  2 lindwurms (Lair:3)
  An orc sorcerer (Orc:1)
  An ugly thing (D:12)
  8 elephants
  A slime creature (Lair:4)
  4 black mambas
  A torpor snail (Lair:3)
  22 cane toads
  3 unseen horrors
  4 komodo dragons
  A rime drake (Lair:3)
  4 trolls
  A hornet (D:9)
  A tarantella (Lair:3)
  A polar bear (Lair:2)
  A tyrant leech (Lair:5)
  19 blink frogs
  8 dream sheep
  2 jumping spiders (Lair:3)
  A vampire (D:11)
  3 shadows
  7 wraiths
  47 yaks
  2 basilisks
  10 wyverns
  4 fire bats (D:8)
  A redback (Lair:3)
  A steam dragon (D:8)
  5 vampire mosquitoes
  Grum (Lair:1)
  Menkaure (D:6)
  A warg (Orc:2)
  2 acid dragons (D:10)
  5 water moccasins
  A hell hound (D:8)
  2 black bears
  9 orc warriors
  An ice beast (D:5)
  2 sky beasts
  16 ogres
  9 wolves
  The ghost of CaulkEyed the Slasher, an amateur DsGl (D:4)
  A centaur (D:7)
  A phantom (D:6)
  3 kobold brigands
  18 bullfrogs
  A gnoll sergeant (Orc:2)
  6 scorpions
  25 wights
  2 troll zombies (D:9)
  4 killer bees (D:9)
  4 howler monkeys
  2 lava snakes (D:8)
  4 hounds
  7 orc priests
  2 gnoll boudas
  2 jellies
  Ijyb (D:5)
  3 sleepcaps
  An iguana (D:7)
  15 orc wizards
  6 ogre zombies (D:9)
  15 gnolls
  4 adders
  A shadow imp (D:6)
  A white imp (D:6)
  3 ufetubi
  3 worms
  A dart slug (D:1)
  38 orcs
  16 ball pythons
  9 endoplasms
  8 giant cockroaches
  7 goblins
  7 hobgoblins
  3 jackals (D:4)
  20 kobolds
  8 quokkas
  7 bats
  7 frilled lizards
  2 goblin skeletons (D:9)
  3 goblin zombies (D:9)
  A hobgoblin skeleton (D:9)
  5 hobgoblin zombies (D:9)
  An orc skeleton (D:9)
  13 orc zombies (D:9)
  8 rats
  2 fire vortices (D:8)
543 creatures vanquished.

Vanquished Creatures (collateral kills)
  A death yak (Lair:3)
  A merfolk siren (Lair:3)
  A cane toad (Lair:3)
  A bullfrog (Lair:3)
4 creatures vanquished.

Vanquished Creatures (others)
  A fire vortex (D:8)
1 creature vanquished.

Grand Total: 548 creatures vanquished

Notes
Turn   | Place    | Note
-------+----------+-------------------------------------------
     0 | D:1      | Shake04 the Vine Stalker Fighter began the quest for the
                  | Orb.
     0 | D:1      | Reached XP level 1. HP: 11/11 MP: 2/2
    87 | D:1      | Reached XP level 2. HP: 16/16 MP: 3/3
   408 | D:1      | Reached XP level 3. HP: 19/19 MP: 4/4
   496 | D:2      | Found a faded altar of an unknown god.
   759 | D:2      | Reached skill level 1 in Dodging
  1125 | D:3      | Found a glowing drain.
  1129 | D:3      | Gained mutation: Your natural rate of healing is unusually
                  | fast. [Vine Stalker growth]
  1129 | D:3      | Reached XP level 4. HP: 24/24 MP: 5/5
  1150 | Sewer    | Entered a sewer
  1175 | Sewer    | Noticed a kobold brigand
  1180 | Sewer    | Killed a kobold brigand
  1181 | Sewer    | Reached XP level 5. HP: 28/28 MP: 6/6
  1246 | Sewer    | Noticed a kobold brigand
  1257 | Sewer    | Killed a kobold brigand
  1502 | D:3      | Found a radiant altar of Vehumet.
  1730 | D:3      | Reached XP level 6. HP: 32/32 MP: 7/7
  2146 | D:4      | Noticed a black bear
  2161 | D:4      | Killed a black bear
  2162 | D:4      | Reached skill level 1 in Short Blades
  2258 | D:4      | Reached XP level 7. HP: 32/37 MP: 6/8
  2851 | D:4      | Found a runed translucent door.
  2860 | D:4      | Noticed CaulkEyed's ghost (amateur DsGl)
  3048 | D:4      | Killed CaulkEyed's ghost
  3126 | D:5      | Entered Level 5 of the Dungeon
  3636 | D:5      | Identified the +1 scale mail of Vehumet's Indignation {rN+
                  | Slay+5}
  3670 | D:5      | Noticed Ijyb
  3678 | D:5      | Paralysed by Ijyb for 5 turns
  3694 | D:5      | Killed Ijyb
  3888 | D:5      | Gained mutation: You have razor-sharp teeth. [Vine Stalker
                  | growth]
  3888 | D:5      | Reached XP level 8. HP: 42/42 MP: 7/9
  4145 | D:6      | Reached skill level 5 in Fighting
  4361 | D:6      | Noticed Menkaure
  4368 | D:6      | Killed Menkaure
  4369 | D:6      | Reached skill level 5 in Short Blades
  4559 | D:6      | Reached XP level 9. HP: 47/47 MP: 10/10
  4788 | D:7      | Found a staircase to the Ecumenical Temple.
  4956 | Temple   | Entered the Ecumenical Temple
  4957 | Temple   | Found a transporter.
  4957 | Temple   | Found a transporter.
  4959 | Temple   | Found a transporter.
  4959 | Temple   | Found a transporter.
  4987 | Temple   | Became a worshipper of Makhleb the Destroyer
  5172 | D:7      | Reached skill level 5 in Armour
  5489 | D:7      | Reached * piety under Makhleb
  5503 | D:7      | Noticed a troll
  5510 | D:7      | Killed a troll
  5511 | D:7      | Reached skill level 1 in Invocations
  5611 | D:7      | Found a shimmering altar of Xom.
  5682 | D:7      | Noticed a troll
  5695 | D:7      | Killed a troll
  6077 | D:8      | Reached XP level 10. HP: 53/53 MP: 12/12
  6083 | D:8      | Reached skill level 5 in Dodging
  6185 | D:8      | Identified the +8 short sword "Onoewe" {venom, rC+ Int-5
                  | Dex+5 Stlth-}
  6263 | D:8      | Found a stormy altar of Qazlal.
  6269 | D:8      | You fall into a shaft and drop 2 floors!
  6269 | D:10     | Entered Level 10 of the Dungeon
  6411 | D:9      | Reached ** piety under Makhleb
  6835 | D:8      | Reached XP level 11. HP: 45/58 MP: 8/13
  6845 | D:8      | Got the Excursus on Creative Chilblains
  7179 | D:9      | Reached *** piety under Makhleb
  7186 | D:9      | Found a staircase to the Orcish Mines.
  7395 | D:9      | Reached skill level 5 in Shields
  8068 | Orc:1    | Entered Level 1 of the Orcish Mines
  8073 | Orc:1    | Reached **** piety under Makhleb
  8180 | Orc:2    | Entered Level 2 of the Orcish Mines
  8208 | Orc:2    | Noticed Urug
  8219 | Orc:2    | Killed Urug
  8427 | Orc:2    | Found a staircase to the Elven Halls.
  8457 | Orc:2    | Found Mauger's Specific Store.
  8460 | Orc:2    | Found Dureh's General Store.
  8472 | Orc:2    | Noticed an ogre mage
  8472 | Orc:2    | Noticed a two-headed ogre
  8473 | Orc:2    | Noticed a two-headed ogre
  8473 | Orc:2    | Noticed a two-headed ogre
  8490 | Orc:2    | Killed an ogre mage
  8498 | Orc:2    | Killed a two-headed ogre
  8513 | Orc:2    | Killed a two-headed ogre
  8518 | Orc:2    | Killed a two-headed ogre
  8519 | Orc:2    | Reached XP level 12. HP: 31/64 MP: 9/14
  8700 | Orc:2    | Noticed an orc high priest
  8934 | D:10     | Found a staircase to the Lair.
  8974 | D:10     | Reached skill level 10 in Short Blades
  9011 | D:10     | Identified the +8 hand axe of World's End {antimagic, rF+
                  | Will+ Str+3}
  9326 | D:10     | Noticed Lodul
  9347 | D:10     | Killed Lodul
  9579 | D:11     | Noticed Nergalle
  9595 | D:11     | Killed Nergalle
  9726 | D:11     | Found Xeipi's Assorted Antiques.
 10324 | Lair:1   | Entered Level 1 of the Lair of Beasts
 10402 | Lair:1   | Noticed Grum
 10410 | Lair:1   | Killed Grum
 11481 | Lair:2   | You fall into a shaft and drop 2 floors!
 11518 | Lair:4   | Found a runed translucent door.
 11527 | Lair:4   | Found a staircase to the Slime Pits.
 11695 | Lair:3   | Reached XP level 13. HP: 70/70 MP: 15/17
 11773 | Lair:3   | Reached skill level 5 in Invocations
 11819 | Lair:3   | Found a staircase to the Shoals.
 12478 | Lair:3   | Reached ***** piety under Makhleb
 12558 | Lair:3   | Found a hole to the Spider Nest.
 12943 | Lair:3   | Reached skill level 10 in Fighting
 13319 | Lair:4   | Reached skill level 1 in Spellcasting
 13472 | Lair:3   | Reached XP level 14. HP: 77/77 MP: 21/21
 14112 | Lair:5   | Entered Level 5 of the Lair of Beasts
 14775 | Lair:5   | Noticed Josephine
 14795 | Lair:5   | Killed Josephine
 14797 | Lair:5   | Reached ****** piety under Makhleb
 14872 | Lair:5   | Slain by a six-headed hydra

Illustrated notes

Levels and vault maps discovered:
D:1:      saegor_arrival_simple_a, layout_rooms
D:2:      layout_rooms, nicolae_ecumenical_oubliette, dk_vineyard_3,
          chequers_serial_rivers_micro_e, grunt_decor_clamped,
          minmay_box_of_dots
D:3:      layout_basic, amcnicky_altar_gilded, portal_sewer_entry_b
D:4:      layout_cave_pods, ebering_ghost_reflecting_pool
D:5:      layout_basic, kennysheep_pointless_box, uniq_ijyb
D:6:      layout_loops_ring, uniq_menkaure
D:7:      layout_basic, tgw_xom, minmay_temple_entry_statues,
          hangedman_decor_riveting
D:8:      layout_cave_pools, old_standard_altar, hangedman_incinerator
D:9:      layout_stronghold, zombieorc2_lemuel, hangedman_decor_growths,
          minmay_between
D:10:     layout_roguey, grunt_lair_entry_orc_guard_hut, uniq_lodul
D:11:     layout_roguey, serial_shops, kennysheep_little_box, uniq_nergalle
D:12:     layout_gridville, nrook_guardian_serpent_double
Temple:   hellmonk_temple_divided_pantheon
Lair:1:   layout_gridlike, lemuel_another_geyser, infiniplex_staircase_pool_2,
          uniq_grum
Lair:2:   layout_long_grid, eino_small_chamber_without_monster,
          bh_autumn_forest_stairs
Lair:3:   layout_regular_city, minmay_shoals_entry_lonely_mermaid,
          nicolae_spider_entry_lesser_pyramids, chequers_serial_rivers_marsh,
          nicolae_lair_lindhole, grunt_megastairs_5
Lair:4:   layout_long_grid, slime_entry_2, fungi_pond_lemuel,
          chequers_serial_rivers_micro_a, beast_lair_carwin_7,
          lemuel_fruit_tree, grunt_megastairs_3
Lair:5:   minmay_lair_end_frog_pond, layout_regular_city, uniq_kirke,
          uniq_josephine
Orc:1:    layout_caves, basic_altar, uniq_gastronok
Orc:2:    st_orc_congregation, layout_diamond_mine, nicolae_specific_store,
          mines2_david, uniq_urug

Skill      XL: |  1  2  3  4  5  6  7  8  9 10 11 12 13 14 |
---------------+-------------------------------------------+-----
Maces & Flails | 2 3 |  3.9
Fighting       | 3 4 5 6 7 8 9 10 | 10.9
Dodging        | 1 2 3 4 5 6 7 8 9 |  9.0
Armour         | 3 4 5 6 7 8 |  8.9
Short Blades   | 2 3 5 6 8 9 10 | 10.7
Shields        | 3 4 6 7 8 9 |  9.6
Invocations    | 1 4 8 9 |  9.3
Spellcasting   | 2 |  2.1

Action                     |  1- 3 |  4- 6 |  7- 9 | 10-12 | 13-15 || total
---------------------------+-------+-------+-------+-------+-------++-------
  Melee: Flail             |    21 |       |       |       |       ||    21
         Bite              |    22 |    36 |   110 |   239 |   311 ||   718
         Mace              |    96 |    62 |    19 |       |       ||   177
         Punch             |     1 |     1 |     4 |     1 |       ||     7
         Short sword       |       |    67 |   304 |   616 |   634 ||  1621
         Unarmed           |       |       |     6 |       |       ||     6
  Throw: Dart              |       |     4 |     5 |     2 |       ||    11
 Invoke: Minor Destruction |       |       |       |       |    11 ||    11
         Lesser Servant of |       |       |       |       |     4 ||     4
    Use: Potion            |       |     1 |       |     2 |     1 ||     4
         Scroll            |       |       |    11 |    15 |     3 ||    29
   Stab: Sleeping          |       |     1 |     1 |       |       ||     2
         Petrified         |       |       |       |       |     2 ||     2
 Armour: Scale mail        |     3 |       |    56 |   112 |   136 ||   307
         Leather armour    |    38 |    44 |    23 |       |       ||   105
  Dodge: Dodged            |    90 |   114 |   213 |   222 |   273 ||   912
  Block: Buckler           |     7 |       |       |       |       ||     7
         Tower shield      |       |       |       |   390 |   608 ||   998
